AoeStats
← Erickinio

Arena

510260490Analyzed
3v3 RM · 1d ago on Sep 30, 2026· 58m 16s· 6 players
Game mode
Random Map
Map size
Normal (6 player)
Population
200
Speed
Normal
Resources
Standard
Victory
Conquest
Starting age
Dark Age
Ending age
Imperial Age
RankedLock teamsTeams togetherTeam positionsShared explorationLock speedFull tech treeHidden civsTurbo modeCheats
Victory
Defeat
🇦🇺 Celts · Australia
1031
+15
🇲🇽 Hindustanis · Mexico
1022
+16
🇦🇷 Celts · Argentina
990
+17
🇫🇷 Italians · France
1145
-21
🇫🇷 Bulgarians · France
1014
-45
🇺🇸 Britons · United States
890
-29
octavio
4:15 Loom
10:46 Feudal Age
17:53 Castle Age
16:15 Double-Bit Axe
16:11 Horse Collar
16:34 Gold Mining
23:14 Wheelbarrow
27:40 Town Watch
32:59 Imperial Age
31:26 Gold Shaft Mining
31:39 Bloodlines
31:29 Husbandry
32:18 Bow Saw
32:31 Forging
32:27 Scale Barding Armor
33:37 Thumb Ring
33:02 Elite Skirmisher
33:35 Fletching
33:45 Padded Archer Armor
35:51 Iron Casting
35:36 Chain Barding Armor
35:12 Bodkin Arrow
35:32 Leather Archer Armor
36:20 Chemistry
35:41 Ballistics
36:17 Hand Cart
35:27 Heavy Camel Rider
37:41 Blast Furnace
37:16 Plate Barding Armor
37:07 Bracer
38:36 Ring Archer Armor
38:17 Caravan
38:47 Coinage
38:21 Imperial Camel Rider
40:12 Two-Man Saw
39:14 Heavy Plow
41:01 Town Watch
43:25 Banking
48:11 Stone Mining
Erickinio
11:01 Feudal Age
11:09 Loom
11:43 Arson
11:52 Double-Bit Axe
12:42 Man-at-Arms
15:12 Forging
17:05 Scale Mail Armor
17:37 Fletching
20:48 Gold Mining
20:49 Stone Mining
21:09 Horse Collar
22:07 Padded Archer Armor
28:23 Castle Age
28:14 Wheelbarrow
28:37 Pikeman
29:36 Bow Saw
30:03 Gambesons
31:59 Heavy Plow
33:19 Stone Shaft Mining
33:23 Gold Shaft Mining
33:51 Iron Casting
34:26 Ballistics
35:41 Murder Holes
36:38 Chain Mail Armor
37:03 Fortified Wall
37:05 Masonry
37:49 Stronghold
38:23 Hand Cart
38:37 Bodkin Arrow
43:13 Imperial Age
41:54 Long Swordsman
44:19 Conscription
43:45 Halberdier
44:09 Heavy Scorpion
45:22 Siege Engineers
48:27 Caravan
50:25 Blast Furnace
49:55 Plate Mail Armor
50:04 Onager
50:26 Elite Skirmisher
52:23 Leather Archer Armor
54:10 Town Watch
54:12 Siege Onager
57:08 Town Patrol
HanzVermhat
4:58 Loom
9:33 Feudal Age
11:10 Double-Bit Axe
17:51 Castle Age
15:57 Stone Mining
16:55 Horse Collar
18:20 Wheelbarrow
17:31 Town Watch
20:49 Bow Saw
23:41 Gold Mining
26:38 Hand Cart
28:40 Heavy Plow
28:21 Pikeman
30:42 Forging
30:33 Scale Mail Armor
30:46 Fortified Wall
30:46 Gambesons
34:19 Imperial Age
32:29 Iron Casting
33:57 Chain Mail Armor
33:33 Fletching
35:20 Gold Shaft Mining
34:34 Halberdier
34:52 Capped Ram
35:58 Conscription
36:54 Blast Furnace
36:42 Plate Mail Armor
36:41 Town Patrol
38:39 Siege Ram
41:26 Elite Woad Raider
43:27 Furor Celtica
43:46 Heavy Scorpion
45:39 Ballistics
45:26 Siege Engineers
46:22 Chemistry
46:37 Caravan
57:46 Arson
HypeX
10:23 Feudal Age
14:27 Castle Age
12:16 Double-Bit Axe
14:01 Forging
14:56 Crossbowman
19:24 Loom
21:11 Fletching
21:28 Padded Archer Armor
28:16 Horse Collar
30:35 Bow Saw
30:26 Heavy Plow
32:21 Bodkin Arrow
33:58 Thumb Ring
34:43 Gold Mining
34:44 Stone Mining
36:58 Wheelbarrow
36:21 Town Watch
37:13 Bloodlines
41:08 Imperial Age
38:59 Husbandry
40:56 Silk Road
40:56 Leather Archer Armor
40:43 Scale Mail Armor
41:35 Stone Shaft Mining
42:10 Chain Mail Armor
42:35 Conscription
43:38 Chemistry
46:59 Bracer
47:30 Plate Mail Armor
47:29 Hand Cart
48:39 Pirotechnia
50:26 Pikeman
50:51 Elite Skirmisher
53:25 Ring Archer Armor
54:36 Iron Casting
55:36 Cavalier
57:06 Scale Barding Armor
Aspifouette
10:58 Feudal Age
15:33 Castle Age
16:22 Double-Bit Axe
18:10 Stone Mining
22:24 Forging
24:10 Scale Barding Armor
26:29 Iron Casting
25:52 Gold Mining
27:17 Gold Shaft Mining
30:17 Chain Barding Armor
32:21 Stone Shaft Mining
32:27 Bow Saw
32:38 Loom
33:28 Wheelbarrow
36:39 Imperial Age
33:54 Town Watch
34:12 Scale Mail Armor
34:04 Fletching
34:14 Padded Archer Armor
34:15 Horse Collar
35:17 Thumb Ring
35:40 Bodkin Arrow
36:00 Leather Archer Armor
36:37 Light Cavalry
37:27 Bloodlines
37:18 Husbandry
40:34 Blast Furnace
40:09 Plate Barding Armor
39:15 Elite Konnik
40:46 Hand Cart
40:31 Town Patrol
40:31 Pikeman
41:12 Squires
40:57 Arson
40:58 Gambesons
TripleB
13:15 Feudal Age
21:42 Castle Age
19:33 Horse Collar
19:41 Double-Bit Axe
19:50 Stone Mining
19:55 Gold Mining
22:41 Bow Saw
23:08 Wheelbarrow
22:47 Heavy Plow
23:37 Padded Archer Armor
24:55 Leather Archer Armor
25:38 Fletching
27:55 Hand Cart
27:40 Stone Mining
30:37 Caravan
30:37 Bodkin Arrow
32:39 Loom
35:04 Ballistics
35:19 Coinage
38:05 Imperial Age
36:11 Yeomen
39:42 Gold Shaft Mining
38:57 Elite Longbowman
42:26 Warwolf
44:16 Bracer
44:47 Ring Archer Armor
Connection lost

Rejoining the realm…

Still unreachable

The connection could not be restored.

Session expired

The server has moved on; the page needs a fresh start.